 Seeded DCSS version 0.30.1 (webtiles) character file.

Game seed: 7229806256980976716 (custom seed)

1269 McKennaii the Conjurer (level 8, -1/57 HPs)
             Began as a Demigod Conjurer on July 13, 2023.
             Slain by a wyvern zombie (12 damage)
             ... on level 3 of the Dungeon.
             The game lasted 00:05:40 (5124 turns).

McKennaii the Conjurer (Demigod Conjurer)           Turns: 5124, Time: 00:05:41

Health: -1/57      AC:  6    Str: 12    XL:     8   Next: 7%
Magic:  3/20       EV: 12    Int: 28    God:
Gold:   928        SH:  0    Dex: 12    Spells: 12/19 levels left

rFire   + + .        g - +3 Elemental Staff {rElec rF+ rC+ AC+3}
rCold   + . .        (no shield)
rNeg    . . .        a - +0 robe
rPois   .            (no helmet)
rElec   +            (no cloak)
rCorr   .            p - +0 pair of gloves
SInv    .            (no boots)
Will    ++...        (no amulet)
Stlth   ++           h - ring "Tamneawk" {rF+ Will++ Str+4 Slay+4}
HPRegen 0.29/turn    (no ring)
MPRegen 0.17/turn

%: no passive effects
@: no status effects
A: high MP 1, forlorn, divine attributes
a: no special abilities


You were on level 3 of the Dungeon.
You visited 1 branch of the dungeon, and saw 4 of its levels.
You also visited: Ossuary.

You collected 928 gold pieces.

Inventory:

Hand Weapons
 g - the +3 Elemental Staff (weapon) {rElec rF+ rC+ AC+3}
   (You acquired it on level 1 of the Dungeon)

   It enhances your fire, ice, earth and air magic.
   AC:        It affects your AC (+3).
   rF:        It protects you from fire.
   rC:        It protects you from cold.
   rElec:     It insulates you from electricity.
Missiles
 c - a throwing net
Armour
 a - a +0 robe (worn)
 p - a +0 pair of gloves (worn)
Jewellery
 h - the ring "Tamneawk" (left hand) {rF+ Will++ Str+4 Slay+4}
   (You acquired it on level 1 of the Dungeon)

   [ring of slaying]

   Str:       It affects your strength (+4).
   Slay:      It affects your accuracy & damage with ranged weapons and melee
   (+4).
   rF:        It protects you from fire.
   Will:      It greatly increases your willpower.
Scrolls
 d - 2 scrolls of amnesia
 f - a scroll of teleportation {unknown}
 i - 2 scrolls of enchant armour {unknown}
 j - 8 scrolls of identify {unknown}
 k - 2 scrolls of blinking {unknown}
 q - a scroll of poison {unknown}
 s - 3 scrolls of vulnerability {unknown}
 t - a scroll of fog {unknown}
 v - 2 scrolls of silence {unknown}
 x - a scroll of butterflies {unknown}
 y - 2 scrolls of magic mapping {unknown}
 D - a scroll of brand weapon {unknown}
Potions
 b - a potion of magic
 e - 2 potions of might {unknown}
 l - 2 potions of mutation {unknown}
 m - a potion of invisibility {unknown}
 n - 2 potions of brilliance {unknown}
 o - 5 potions of curing {unknown}
 r - 2 potions of cancellation {unknown}
 u - a potion of ambrosia {unknown}
 w - a potion of berserk rage {unknown}
 z - 4 potions of attraction {unknown}
 A - a potion of degeneration {unknown}
 B - 2 potions of flight {unknown}
 C - a potion of heal wounds {unknown}
 E - a potion of lignification {unknown}


   Skills:
 - Level 1.7 Dodging
 - Level 1.7 Stealth
 + Level 6.1 Spellcasting
 + Level 7.5 Conjurations


You had 12 spell levels left.
You knew the following spells:

 Your Spells              Type           Power      Damage    Failure   Level
a - Magic Dart            Conj           100%       1d8       1%          1
b - Searing Ray           Conj           100%       2d8       1%          2
c - Iskenderun's Mystic   Conj/Tloc      29%        2d7       13%         4

Your spell library contained the following spells:

 Spells                   Type           Power      Damage    Failure   Level
 Dazzling Flash           Conj/Hex       58%        N/A       3%          3
 Mephitic Cloud           Conj/Pois/Air  33%        N/A       6%          3
 Cigotuvi's Dreadful Rot  Necr/Pois/Air  24%        N/A       9%          2
 Poisonous Vapours        Pois/Air       24%        N/A       9%          2
 Fulminant Prism          Conj/Hex       14%        3d9       13%         4
 Dispel Undead            Necr           8%         3d8       52%         4
 Freezing Cloud           Conj/Ice/Air   25%        6-21      52%         5
 Death Channel            Necr           4%         N/A       100%        6


Dungeon Overview and Level Annotations

Branches:
Dungeon (4/15)             Temple (0/1) D:4         Ossuary (visited)

Annotations:
D:3 dondy's ghost, amateur MiGl


Innate Abilities, Weirdness & Mutations

You have an increased reservoir of magic. (+10% MP)
You shall have no god before yourself.
Your divine heritage dramatically boosts your attributes as you level up.


Message History

You erupt in a blast of force!
The mystic blast hits the wyvern zombie.
The wyvern zombie is almost destroyed.
The wyvern zombie is knocked back by the mystic blast.
The mystic blast hits dondy's ghost.
Dondy's ghost is severely damaged.
Dondy's ghost is knocked back by the mystic blast.
Unknown command.
Unknown command.
Casting: Iskenderun's Mystic Blast (dangerous; 13% risk of failure)
Confirm with . or Enter, or press ? or * to list all spells.
You miscast Iskenderun's Mystic Blast.
You are very lightly contaminated with residual magic.
Nothing appears to happen.
The wyvern zombie bites you but does no damage.
Unknown command.
Unknown command.
Dondy's ghost attacks as you move away! Dondy's ghost hits you!
You hit the howler monkey skeleton.
You destroy the howler monkey skeleton!
The wyvern zombie barely misses you.
Dondy's ghost hits you but does no damage.
Unknown command.
You hit dondy's ghost but do no damage.
Dondy's ghost is severely damaged.
The wyvern zombie bites you but does no damage.
Dondy's ghost hits you. The wyvern zombie barely misses you.
Unknown command.
You hit the wyvern zombie.
The wyvern zombie is almost destroyed.
The wyvern zombie bites you! Dondy's ghost hits you.
Unknown command.
The wyvern zombie bites you. The wyvern zombie barely misses you.
Dondy's ghost hits you!
Your magical contamination has completely faded away.
The wyvern zombie attacks as you move away!
The wyvern zombie bites you!
* * * LOW HITPOINT WARNING * * *
The wyvern zombie bites you!
You die...

#.######....#
#.......# #.#
####.#####'''###
#.#
##...##.....#
#.#
##...........#
#.##
#............#
## #..#
#............#
#. ####.##
#............##
#. ......#
##....ZW......#
#. ####..##
##...@#...##.###
###. #...####
####.######...#
##... #.#....#
#..# ###.###..##
#.####.# ##.#
#.##..### #.#
#.## #.# #.##.##
# #.# #..### #.#
###.##.#### #.#
##...## #.#
#.......... #.#
###..# #.#
#.......... #.#
##.# #.#
#..........


You could see dondy's ghost and a wyvern zombie.

Vanquished Creatures
  2 hornet zombies (Ossuary)
  A scorpion (D:4)
  2 wyvern zombies (Ossuary)
  2 water moccasin zombies (Ossuary)
  2 centaur zombies (Ossuary)
  3 bullfrog zombies (Ossuary)
  A jelly (D:2)
  2 bullfrog skeletons (D:3)
  A sleepcap (D:4)
  3 killer bee zombies (Ossuary)
  16 mummies
  2 howler monkey zombies (Ossuary)
  A howler monkey skeleton (D:3)
  7 adders
  An ufetubus (D:3)
  3 worms
  4 endoplasms
  6 giant cockroaches
  4 goblins
  8 hobgoblins
  20 jackals
  A kobold (D:4)
  4 quokkas
  6 ball pythons
  5 bats
  A frilled lizard (D:1)
  A goblin zombie (D:4)
  An orc zombie (D:4)
  4 rats
114 creatures vanquished.

Notes
Turn   | Place    | Note
-------+----------+-------------------------------------------
     0 | D:1      | McKennaii the Demigod Conjurer began the quest for the Orb.
     0 | D:1      | Reached XP level 1. HP: 14/14 MP: 5/5
   209 | D:1      | Identified 3 scrolls of acquirement
   209 | D:1      | Acquired the ring "Tamneawk" {rF+ Will++ Str+4 Slay+4}
   210 | D:1      | Acquired the +3 Elemental Staff {rElec rF+ rC+ AC+3}
   210 | D:1      | Found the +3 Elemental Staff {rElec rF+ rC+ AC+3}
   219 | D:1      | Acquired 739 gold pieces
   312 | D:1      | Reached XP level 2. HP: 18/20 MP: 5/7
   412 | D:1      | Reached skill level 4 in Conjurations
  1091 | D:2      | Learned a level 2 spell: Searing Ray
  1121 | D:2      | Reached XP level 3. HP: 22/26 MP: 1/9
  1738 | D:2      | Reached XP level 4. HP: 33/33 MP: 9/11
  1743 | D:2      | Learned a level 4 spell: Iskenderun's Mystic Blast
  2578 | D:3      | Found a runed translucent gate.
  2578 | D:3      | Found a runed translucent gate.
  2578 | D:3      | Found a runed translucent gate.
  2584 | D:3      | Noticed dondy's ghost (amateur MiGl)
  3046 | D:4      | Reached skill level 5 in Conjurations
  3046 | D:4      | Reached XP level 5. HP: 38/38 MP: 4/13
  3274 | D:4      | Found a sand-covered staircase.
  3283 | D:4      | Found a staircase to the Ecumenical Temple.
  3497 | Ossuary  | Entered an ossuary
  3543 | Ossuary  | Reached XP level 6. HP: 18/45 MP: 5/15
  3786 | Ossuary  | Reached skill level 6 in Conjurations
  3855 | Ossuary  | Reached XP level 7. HP: 49/50 MP: 2/17
  3869 | Ossuary  | Reached skill level 5 in Spellcasting
  4275 | Ossuary  | Reached skill level 7 in Conjurations
  4525 | Ossuary  | Reached XP level 8. HP: 48/57 MP: 14/20
  5124 | D:3      | Slain by a wyvern zombie

Illustrated notes

Levels and vault maps discovered:
D:1:      spicycebolla_arrival_ecumenical, layout_loops_ring
D:2:      layout_basic
D:3:      layout_rooms, mainiacjoe_overflow_paths, gammafunk_ghost_necromancy
D:4:      layout_rooms, tso_metal_star, mainiacjoe_overflow_catwalk,
          elyvilon_altar_5, minmay_temple_entry_stoned_glass,
          nicolae_ossuary_entry_giza, minmay_misc_feat_square, minivault_4

Skill      XL: |  1  2  3  4  5  6  7 |
---------------+----------------------+-----
Spellcasting   | 2 3 4 6 |  6.1
Conjurations   | 4 5 6 7 |  7.5
Dodging        | |  1.7
Stealth        | |  1.7

Action                     |  1- 3 |  4- 6 |  7- 9 || total
---------------------------+-------+-------+-------++-------
  Melee: Staff             |    18 |    28 |    45 ||    91
         Punch             |       |     2 |     1 ||     3
   Cast: Magic Dart        |    75 |    73 |    13 ||   161
         Searing Ray       |       |    23 |    16 ||    39
         Iskenderun's Myst |       |       |     3 ||     3
    Use: Scroll            |     3 |     1 |       ||     4
   Stab: Sleeping          |       |     1 |       ||     1
 Armour: Robe              |     8 |    27 |    24 ||    59
  Dodge: Dodged            |    23 |    31 |    58 ||   112
